 Dungeon Crawl Stone Soup version bcrawl-1.15.1-4-g77d781cab4 (webtiles) character file.

Game seed: 2750069607000525219

1307 MordorOrchid the Conjurer (level 8, -2/50 HPs)
             Began as a Fairy Fire Elementalist on Oct 5, 2019.
             Was an Initiate of Gozag.
             Killed by divine providence
             ... invoked by an orc priest
              (14 damage)
             ... on level 5 of the Dungeon.
             The game lasted 00:14:01 (3418 turns).

MordorOrchid the Conjurer (Fairy Fire Elementalist) Turns: 3418, Time: 00:14:01

Health: -2/50      AC:  6    Str:  6    XL:     8   Next: 57%
Magic:  18/18      EV: 19    Int: 21    God:    Gozag
Gold:   340        SH:  5    Dex: 13    Spells: 7/18 levels left

rFire    . . .     SeeInvis .   d - -2 dagger (curse)
rCold    . . .     Gourm    .   (shield restricted)
rNeg     . . .     Faith    .   (armour unavailable)
rPois    .         Spirit   .   (no helmet)
rElec    .         Reflect  .   (no cloak)
rCorr    .         Harm     .   (no gloves)
MR       .....                  p - +0 pair of boots
Stlth    +.........             (no amulet)
HPRegen  0.16/turn              (no ring)
MPRegen  0.16/turn              (no ring)

@: gold aura, flying evasively
A: small, magic attunement, unstealthy, unfitting armour, able to fly, AC/SH +5
a: Stop Flying, Potion Petition, Call Merchant, Bribe Branch, Renounce Religion


You were on level 5 of the Dungeon.
You worshipped Gozag.
Gozag was aware of your devotion.
You were not hungry.

You visited 2 branches of the dungeon, and saw 6 of its levels.

You collected 457 gold pieces.
You paid 117 gold pieces to Gozag.

Inventory:

Hand Weapons
 d - a cursed -2 dagger (weapon)
 o - a +7 dagger of venom
 s - a +0 hunting sling
Missiles
 a - 118 tomahawks
 b - 1478 stones (quivered)
 e - 207 poisoned needles
 h - 613 arrows
 i - a throwing net {!f}
 m - 168 sling bullets
Armour
 p - a +0 pair of boots (worn)
Scrolls
 r - a scroll of enchant armour
Potions
 f - 2 potions of mutation
 g - a potion of lignification
 j - 2 potions of curing {unknown}
 l - a potion of cancellation
 n - a potion of resistance
 q - a potion of ambrosia {unknown}
 t - a potion of heal wounds
Comestibles
 c - 7 rations {!d}


   Skills:
 - Level 2.0 Fighting
 * Level 5.9 Dodging
 - Level 3.0 Stealth
 + Level 5.8 Spellcasting
 * Level 6.4 Conjurations
 - Level 2.0 Hexes
 + Level 5.8 Fire Magic


You had 7 spell levels left.
You knew the following spells:

 Your Spells              Type           Power        Failure   Level  Hunger
a - Flame Tongue          Conj/Fire      ####.        1%          1    None
c - Conjure Flame         Conj/Fire      ####....     2%          3    None
d - Inner Flame           Hex/Fire       N/A          6%          3    None
e - Sticky Flame          Conj/Fire      ####....     8%          4    None

Your spell library contained the following spells:

 Spells                   Type           Power        Failure   Level  Hunger
 Flaming Arrows           Chrm/Fire      ###.....     4%          2    None
 Fireball                 Conj/Fire      ####......   22%         5    None


Dungeon Overview and Level Annotations

Branches:
Dungeon (5/12)             Temple (1/1) D:4

Altars:
Elyvilon
Gozag
Kikubaaqudgha
Okawaru
Ru
Sif Muna
Trog
Vehumet
Xom


Innate Abilities, Weirdness & Mutations

Your spells do not cause hunger and MP costs are reduced by 1.
Your bright wings attract enemies. (Stealth-)
You cannot fit into any form of body armour.
Your shimmering scales are hard and can block incoming attacks. (AC +5, SH +5)
You are small and have problems with some larger weapons.
You can fly continuously.


Message History

Beogh smites you!
* * * LOW HITPOINT WARNING * * *
Casting: Flame Tongue (safe; 1% risk of failure)
Confirm with . or Enter, or press ? or * to list all spells.
Aiming: Flame Tongue (safe; 1% risk of failure)
Press: ? - help, Shift-Dir - straight line, f/p - orc priest
Aim: an orc priest, wielding a +0 short sword and wearing a +0 scale mail (severely wounded)
The flame tongue hits the orc priest.
The orc priest appears unharmed.
The orc priest is severely wounded.
Casting: Flame Tongue (safe; 1% risk of failure)
Confirm with . or Enter, or press ? or * to list all spells.
Aiming: Flame Tongue (safe; 1% risk of failure)
Press: ? - help, Shift-Dir - straight line, f/p - orc priest
Aim: an orc priest, wielding a +0 short sword and wearing a +0 scale mail (severely wounded)
The flame tongue hits the orc priest.
The orc priest appears unharmed.
The orc priest is severely wounded.
The orc priest invokes the aid of Beogh against you.
Beogh smites you!
You die...
Your body crumbles into a pile of gold.

#.. #.. #.# #.# #.# # #
######## #.#####.#.#.#
.......#
####.##....c..oo
.#####.# #.......# .c...
.#####.#
#.##.##@##.....ยง
.......# #.##....$$$#
.##.#..# #.#####.o.....#
.......###.......#####.#
.##..........#####
<####.###..#.# ......#
#..#.# ####### #..#.#
.###..#.# .


You could see an orc priest.

Vanquished Creatures
  A wolf spider zombie (D:5)
  2 phantoms (D:4)
  An ogre (D:4)
  A centaur (D:5)
  2 scorpions (D:4)
  A howler monkey (D:4)
  2 hounds
  A quasit (D:4)
  A bullfrog skeleton (D:5)
  A centaur skeleton (D:4)
  An iguana (D:4)
  2 orc wizards (D:5)
  3 worker ants
  5 gnolls
  5 adders
  4 dart slugs
  2 worms
  3 leopard geckos
  8 orcs
  3 ball pythons
  4 giant cockroaches
  6 goblins
  11 hobgoblins
  2 jackals (D:2)
  6 kobolds
  4 quokkas
  5 bats
  2 frilled lizards (D:4)
  A quokka skeleton (D:4)
  8 rats
98 creatures vanquished.

Notes
Turn   | Place    | Note
-------+----------+-------------------------------------------
     0 | D:1      | MordorOrchid the Fairy Fire Elementalist began the quest
                  | for the Orb.
     0 | D:1      | Reached XP level 1. HP: 11/11 MP: 6/6
    82 | D:1      | Reached XP level 2. HP: 6/18 MP: 7/7
   292 | D:1      | Reached skill level 1 in Fighting
   314 | D:1      | Reached XP level 3. HP: 23/23 MP: 9/9
   323 | D:1      | Learned a level 3 spell: Conjure Flame
   327 | D:1      | Learned a level 3 spell: Inner Flame
   833 | D:2      | Found an iron altar of Okawaru.
  1221 | D:2      | Reached XP level 4. HP: 28/28 MP: 10/10
  1475 | D:3      | Reached skill level 2 in Conjurations
  1552 | D:3      | Reached XP level 5. HP: 33/33 MP: 8/11
  2066 | D:4      | Noticed an ogre
  2078 | D:4      | Killed an ogre
  2078 | D:4      | Reached skill level 3 in Conjurations
  2078 | D:4      | Reached skill level 1 in Hexes
  2078 | D:4      | Reached XP level 6. HP: 39/39 MP: 9/13
  2084 | D:4      | Learned a level 4 spell: Sticky Flame
  2256 | D:4      | Reached skill level 4 in Conjurations
  2256 | D:4      | Reached XP level 7. HP: 45/45 MP: 12/15
  2298 | D:4      | Found a staircase to the Ecumenical Temple.
  2318 | Temple   | Entered the Ecumenical Temple
  2367 | Temple   | Became a worshipper of Gozag Ym Sagoz the Greedy
  3001 | D:5      | Entered Level 5 of the Dungeon
  3019 | D:5      | Reached skill level 5 in Dodging
  3019 | D:5      | Reached skill level 5 in Fire Magic
  3057 | D:5      | Reached skill level 5 in Spellcasting
  3057 | D:5      | Reached skill level 5 in Conjurations
  3057 | D:5      | Reached XP level 8. HP: 12/50 MP: 12/18
  3281 | D:5      | Reached skill level 6 in Conjurations
  3418 | D:5      | Killed from afar by an orc priest

Skill      XL: |  1  2  3  4  5  6  7  8 |
---------------+-------------------------+-----
Dodging        | 3 4 5 |  5.9
Stealth        | 2 3 |  3.0
Fighting       | 1 2 |  2.0
Fire Magic     | 4 5 |  5.8
Spellcasting   | 3 4 5 |  5.8
Conjurations   | 2 3 4 5 6 |  6.4
Hexes          | 1 2 |  2.0

Action                   |  1- 3 |  4- 6 |  7- 9 || total
-------------------------+-------+-------+-------++-------
Melee: Dagger            |       |     1 |     1 ||     2
Throw: Stone             |       |     9 |     5 ||    14
 Cast: Flame Tongue      |    75 |   118 |    55 ||   248
       Conjure Flame     |       |    12 |     6 ||    18
       Sticky Flame      |       |       |     2 ||     2
  Use: Scroll            |       |    13 |     1 ||    14
  Eat: Chunk             |       |     4 |       ||     4
       Ration            |       |       |     1 ||     1
Armor: Skin              |     1 |     1 |     4 ||     6
Dodge: Dodged            |    16 |    12 |    11 ||    39
Block: Other             |     2 |     7 |     5 ||    14
